 Dungeon Crawl Stone Soup version 0.26-a0-597-gb535b0901c (webtiles) character file.

Game seed: 16026127019525159284

(classic levelgen) 1531 EnegeticOcto the Shield-Bearer (level 8, -6/73 HPs)
             Began as a Deep Dwarf Fighter on Aug 25, 2020.
             Killed from afar by a centaur (15 damage)
             ... with a bolt of acid
             ... on level 6 of the Dungeon.
             The game lasted 00:02:44 (3193 turns).

EnegeticOcto the Shield-Bearer (Deep Dwarf Fighter) Turns: 3193, Time: 00:02:45

Health: -6/73      AC:  9    Str: 22    XL:     8   Next: 55%
Magic:  3/3        EV:  4    Int:  9    God:
Gold:   259        SH: 10    Dex: 12    Spells: 7/7 levels left

rFire    . . .     SeeInvis .   a - +0 war axe
rCold    . . .     Faith    .   c - +0 kite shield
rNeg     . . .     Spirit   .   w - +0 plate armour
rPois    .         Reflect  .   o - +0 helmet
rElec    .         Harm     .   q - +2 cloak
rCorr    .         Rnd*Tele +   (no gloves)
MR       +....                  (no boots)
Stlth    ..........             (no amulet)
HPRegen  0.00/turn              g - ring of teleportation (curse)
MPRegen  0.08/turn              (no ring)

@: corroded, non-regenerating
A: damage resistance, heal wounds, sense surroundings 1, no regeneration
a: Heal Wounds


You were on level 6 of the Dungeon.
You visited 1 branch of the dungeon, and saw 6 of its levels.
You also visited: Ossuary.

You collected 259 gold pieces.

Inventory:

Hand Weapons
 a - a +0 war axe (weapon)
 p - a +2 vampiric dagger
Armour
 b - a +0 scale mail
 c - a +0 kite shield (worn)
 o - a +0 helmet (worn)
 q - a +2 cloak (worn)
 w - a +0 plate armour (worn)
Jewellery
 g - a cursed ring of teleportation (left hand)
 y - an uncursed amulet of faith {unknown}
Wands
 t - a wand of disintegration (14)
Scrolls
 f - 2 scrolls of amnesia {unknown}
 h - 7 scrolls of identify {unknown}
 i - a scroll of fog {unknown}
 u - a scroll of teleportation {unknown}
 x - a scroll of remove curse {unknown}
Potions
 d - 2 potions of might {@q3}
 e - 4 potions of cancellation {unknown}
 j - 4 potions of haste {unknown}
 k - 6 potions of brilliance {unknown}
 l - 3 potions of heal wounds {unknown}
 m - 2 potions of degeneration {unknown}
 n - a potion of lignification {unknown}
 r - 2 potions of mutation {unknown}
 s - a potion of curing {unknown}
 v - 2 potions of stabbing {unknown}
 z - a potion of resistance {@q6}
 A - a potion of magic {unknown}


   Skills:
 + Level 4.9 Fighting
 * Level 4.8 Short Blades
 - Level 4.0 Axes
 + Level 5.9 Armour
 + Level 4.7 Stealth
 + Level 5.9 Shields


You had 7 spell levels left.
You didn't know any spells.
Your spell library was empty.

Dungeon Overview and Level Annotations

Branches:
Dungeon (6/15)            Ossuary (visited)
 Temple: D:4-7

Altars:
Fedhas
Gozag
Hepliaklqana
Kikubaaqudgha
Ru
Trog
Yredelemnul

Annotations:
D:3 2 transporters, SatoMori's ghost, amateur DsCK
D:6 Prince Ribbit


Innate Abilities, Weirdness & Mutations

You are resistant to damage.
You can heal yourself by infusing magical energy.
You passively map a small area around you.
You do not regenerate.


Message History

The black bear claws you but does no damage.
You block the black bear's attack. Menkaure barely misses you.
The ogre hits you with a +0 giant club!
You hit Menkaure.
Menkaure is almost destroyed.
You hit the ogre. You barely miss the black bear.
The black bear bites you but does no damage.
The black bear claws you but does no damage. x2
You block the ogre's attack. Menkaure hits you but does no damage.
The black bear bites you but does no damage.
The black bear claws you but does no damage. x2
You barely miss Menkaure.
Menkaure is almost destroyed.
You slash the black bear! You slash the ogre!
The black bear goes berserk!
You block the ogre's attack. Menkaure barely misses you.
You barely miss Menkaure.
Menkaure is almost destroyed.
You hit the black bear.
You kill the black bear!
You hit the ogre. The ogre hits you but does no damage.
Menkaure mumbles some strange words.
Menkaure seems to speed up.
You hit Menkaure.
You destroy Menkaure!
You slash the ogre!
You kill the ogre!
No target in view!
No target in view!
No target in view!
No target in view!
No target in view!
No target in view!
No target in view!
No target in view!
No target in view!
No target in view!
No target in view!
No target in view!
No target in view!
No target in view!
No target in view!
No target in view!
No target in view!
No target in view!
l - 3 amethyst potions (gained 1)
r - 2 murky cyan potions (gained 1)
You open the door.
There is an open door here.
An orc comes into view. It is wielding a +0 dagger.
You feel strangely unstable.
You are suddenly yanked towards some nearby monsters!
Your surroundings suddenly seem different.
A centaur comes into view. It is carrying a wand of acid (13).
The centaur shouts!
A jackal comes into view.
The jackal barks!
You hear a bark!
The jackal bites you but does no damage.
Prince Ribbit comes into view.
The orc moves out of view.
Found a scorched leather armour.
There are monsters nearby!
There are monsters nearby!
There are monsters nearby!
There are monsters nearby!
There are monsters nearby!
There are monsters nearby!
There are monsters nearby!
Your plate armour prevents you from hitting the jackal.
The centaur wields a +0 shortbow.
The centaur shoots an arrow.
The arrow hits you but does no damage. You block the jackal's attack.
Prince Ribbit blinks!
You block the jackal's attack.
The centaur zaps a wand.
The bolt of acid hits you!!
You are splashed with acid!
* * * LOW HITPOINT WARNING * * *
A jackal comes into view.
You feel much better.
The jackal bites you but does no damage.
The jackal barely misses you.
You closely miss the jackal.
The centaur shoots an arrow.
You block the arrow.
The jackal bites you but does no damage.
The centaur zaps a wand.
The bolt of acid hits you!
* * * LOW HITPOINT WARNING * * *
The acid corrodes you!
You are splashed with acid!
* * * LOW HITPOINT WARNING * * *
A jackal comes into view.
You are too injured to fight recklessly!
You are too injured to fight recklessly!
You are too injured to fight recklessly!
You are too injured to fight recklessly!
You are too injured to fight recklessly!
You are too injured to fight recklessly!
You are too injured to fight recklessly!
You are too injured to fight recklessly!
You are too injured to fight recklessly!
You feel much better.
The centaur zaps a wand.
The bolt of acid hits you!
* * * LOW HITPOINT WARNING * * *
The acid corrodes you!
You are splashed with acid!
* * * LOW HITPOINT WARNING * * *
The jackal bites you but does no damage.
The centaur zaps a wand.
The bolt of acid hits you!
You die...

,* #...# , * *
, #...# , , , ,
F...#,, , ,, ,
, *#h..# , , *
#...##### *
######....[...
,#.....hh..c...
+.....@.......
*##############
* *


You could see Prince Ribbit, a centaur and 3 jackals.

Vanquished Creatures
  Menkaure (D:6)
  An orc warrior (D:6)
  A black bear (D:6)
  A centaur (D:3)
  5 ogres
  An elf zombie (Ossuary)
  A scorpion (D:4)
  A centaur zombie (Ossuary)
  3 hounds
  4 orc wizards
  Crazy Yiuf (D:2)
  Natasha (twice) (D:3)
  An iguana (D:4)
  A worker ant (D:4)
  2 big kobold zombies (Ossuary)
  Robin (D:2)
  3 mummies
  10 adders
  4 adder zombies (Ossuary)
  A worm (D:2)
  3 dart slugs
  4 leopard geckos
  10 orcs
  6 bats
  7 giant cockroaches
  6 hobgoblins
  10 jackals
  11 kobolds
  2 quokkas
  2 ball pythons (D:2)
  3 frilled lizards
  16 goblins
  A goblin zombie (Ossuary)
  11 hobgoblin zombies (Ossuary)
  A jackal zombie (Ossuary)
  10 kobold zombies (Ossuary)
  8 orc zombies
  4 rats
160 creatures vanquished.

Notes
Turn   | Place    | Note
-------+----------+-------------------------------------------
     0 | D:1      | EnegeticOcto the Deep Dwarf Fighter began the quest for the
                  | Orb.
     0 | D:1      | Reached XP level 1. HP: 20/20 MP: 1/1
   113 | D:1      | Reached XP level 2. HP: 21/27 MP: 2/2
   370 | D:2      | Found a bloodstained altar of Trog.
   377 | D:2      | Reached XP level 3. HP: 30/33 MP: 3/3
   380 | D:2      | Noticed Robin
   413 | D:2      | Reached XP level 4. HP: 19/42 MP: 4/4
   671 | D:2      | Found a runed translucent door.
   672 | D:2      | Noticed Crazy Yiuf
   727 | D:2      | Killed Robin
   727 | D:2      | Reached XP level 5. HP: 34/49 MP: 4/4
   863 | D:2      | Killed Crazy Yiuf
   902 | D:3      | Noticed a centaur
   916 | D:3      | Killed a centaur
   916 | D:3      | Reached skill level 1 in Stealth
   929 | D:3      | Found a blossoming altar of Fedhas.
  1213 | D:3      | Found a transporter.
  1216 | D:3      | Noticed SatoMori's ghost (amateur DsCK)
  1226 | D:3      | Reached skill level 1 in Short Blades
  1252 | D:3      | Found a transporter.
  1281 | D:3      | Noticed Natasha
  1295 | D:3      | Killed Natasha
  1295 | D:3      | Reached XP level 6. HP: 52/56 MP: 5/5
  1434 | D:3      | Noticed Natasha
  1442 | D:3      | Killed Natasha
  1730 | D:4      | Reached XP level 7. HP: 47/64 MP: 5/5
  1982 | D:4      | Reached skill level 5 in Armour
  2071 | D:4      | Reached skill level 5 in Shields
  2136 | D:5      | Entered Level 5 of the Dungeon
  2165 | D:5      | Found a hazy altar of Hepliaklqana.
  2205 | D:5      | Found a basalt altar of Yredelemnul.
  2346 | D:5      | Found a sand-covered staircase.
  2358 | Ossuary  | Entered an ossuary
  2450 | Ossuary  | Reached XP level 8. HP: 56/73 MP: 5/5
  2714 | D:5      | Found a sacrificial altar of Ru.
  2837 | D:5      | Found an opulent altar of Gozag.
  2883 | D:5      | Found a bloodstained altar of Trog.
  2883 | D:5      | Found an ancient bone altar of Kikubaaqudgha.
  3165 | D:6      | Noticed Menkaure
  3176 | D:6      | Killed Menkaure
  3189 | D:6      | Noticed Prince Ribbit
  3193 | D:6      | Killed from afar by a centaur

Illustrated notes

Levels and vault maps discovered:
D:1:      moated_graveyard_arrival, layout_basic, serial_forest,
          infiniplex_forest_corner_1, infiniplex_forest_3_way,
          infiniplex_forest_lined_2, infiniplex_forest_corner_1,
          infiniplex_forest_lined_3, infiniplex_forest_fountain,
          infiniplex_forest_straight_2, minmay_curled_crystal,
          minmay_worlds_worst_comb
D:2:      layout_rooms, minmay_misc_feat_columns, hex_large, bloody_trog,
          uniq_crazy_yiuf_cottage, uniq_robin
D:3:      layout_loops_ring, nicolae_overflow_crystal_walls,
          gammafunk_ghost_mausoleum, uniq_natasha
D:4:      layout_loops_ring, kennysheep_generic_room_8
D:5:      layout_loops_ring, kennysheep_mini_moat,
          nicolae_ru_sacrificial_ziggurat, gammafunk_temple_overflow_elements,
          yredelemnul_altar_generic, nicolae_ossuary_entry_giza,
          nicolae_gozag_seed_capital
D:6:      layout_gridville, uniq_edmund, uniq_sigmund, uniq_prince_ribbit1,
          uniq_menkaure

Skill      XL: |  1  2  3  4  5  6  7  8 |
---------------+-------------------------+-----
Axes           | 3 4 |  4.0
Fighting       | 3 4 |  4.9
Shields        | 4 5 |  5.9
Armour         | 4 5 |  5.9
Stealth        | 1 2 3 4 |  4.7
Short Blades   | 1 2 3 4 |  4.8

Action                   |  1- 3 |  4- 6 |  7- 9 || total
-------------------------+-------+-------+-------++-------
Melee: War axe           |   105 |    60 |   152 ||   317
       Dagger            |       |   145 |   137 ||   282
 Abil: Heal Wounds       |     1 |     5 |    13 ||    19
  Use: Scroll            |       |       |     2 ||     2
Armor: Scale mail        |    58 |    88 |       ||   146
       Plate armour      |       |     6 |   254 ||   260
Dodge: Dodged            |    33 |    66 |    52 ||   151
Block: Kite shield       |    65 |   116 |   220 ||   401

Table legend: (Time is in decaauts)
 A = Elapsed time spent in this place.
 B = Non-inter-level travel time spent in this place.
 C = Inter-level travel time spent in this place.
 D = Time resting spent in this place.
 E = Time spent auto-exploring this place.
 F = Levels seen in this place.
 G = Mean time per level.
                   A        B        C        D        E       F      G
               +--------+--------+--------+--------+--------+-----+--------+
         Total |   3306 |   3209 |     97 |      0 |   2131 |   7 |  472.3 |
       Dungeon |   3099 |   3002 |     97 |      0 |   2033 |   6 |  516.5 |
       Ossuary |    207 |    207 |      0 |      0 |     98 |   1 |  207.0 |
               +--------+--------+--------+--------+--------+-----+--------+

Top non-repeatable levels by time:
     D:5: 828 daAuts
     D:4: 633 daAuts
     D:3: 608 daAuts
     D:2: 599 daAuts
     D:1: 358 daAuts
 Ossuary: 207 daAuts
     D:6: 70 daAuts
